 Dungeon Crawl Stone Soup version 0.18.1-50-g88ac8fd (webtiles) character file.

23 Amnesiac the Covered (level 2, -4/18 HPs)
             Began as a Deep Elf Fighter on Mar 2, 2018.
             Slain by a killer bee zombie (6 damage)
             ... on level 4 of the Dungeon.
             The game lasted 00:01:26 (467 turns).

Amnesiac the Covered (Deep Elf Fighter)              Turns: 467, Time: 00:01:27

Health: -4/18      AC:  6    Str: 13    XL:     2   Next: 72%
Magic:  4/4        EV:  7    Int: 12    God:
Gold:   19         SH:  8    Dex: 14    Spells: 0 memorised, 1 level left

rFire  . . .     SeeInvis .     a - +0 rapier
rCold  . . .     Gourm    .     b - +0 scale mail
rNeg   . . .     Faith    .     c - +0 shield
rPois  .         Spirit   .     (no helmet)
rElec  .         Dismiss  .     (no cloak)
rCorr  .         Reflect  .     (no gloves)
SustAt .         Harm     .     (no boots)
MR     .....                    (no amulet)
Stlth  ..........               (no ring)
                                (no ring)

@: flying, not resistant to hostile enchantments, extremely unstealthy
A: no striking features
a: no special abilities


You were on level 4 of the Dungeon.
You were not hungry.

You visited 1 branch of the dungeon, and saw 4 of its levels.

You collected 19 gold pieces.

Inventory:

Hand Weapons
 a - a +0 rapier (weapon)
Armour
 b - a +0 scale mail (worn)
 c - a +0 shield (worn)
Comestibles
 d - 3 chunks of flesh
 f - a bread ration


   Skills:
 * Level 2.5 Fighting
 - Level 2.0 Short Blades
 * Level 2.6 Armour
 + Level 2.4 Dodging
 * Level 2.4 Shields


You had one spell level left.
You didn't know any spells.

Dungeon Overview and Level Annotations

Branches:
Dungeon (4/15)
 Temple: D:4-7

Altars:
Yredelemnul
Zin

Annotations:
D:4 Blork the orc


Message History

Found a robe.
The killer bee zombie hits you.
The killer bee zombie closely misses you. 2 orcs come into view.
The orc shouts! x2
The orc throws a tomahawk.
The tomahawk barely misses you.
The orc moves out of view.
You block the killer bee zombie's attack.
A giant cockroach and an orc come into view.
The orc shouts!
The orc throws a tomahawk.
The tomahawk hits you.
The giant cockroach moves out of view.
Blork the orc comes into view.
He is wielding a trident.
You see here a tomahawk.
The orc throws a tomahawk.
The tomahawk barely misses you.
The orc moves out of view.
The killer bee zombie closely misses you.
The orc throws a tomahawk.
You block the tomahawk.
An orc comes into view. It is wielding a trident.
You see here a tomahawk.
The killer bee zombie hits you but does no damage.
The orc throws a tomahawk.
The tomahawk hits you but does no damage.
Blork the orc grins evilly.
You see here a tomahawk.
The killer bee zombie hits you.
* * * LOW HITPOINT WARNING * * *
The killer bee zombie hits you.
* * * LOW HITPOINT WARNING * * *
The killer bee zombie hits you but does no damage.
You block the killer bee zombie's attack.
The killer bee zombie hits you.
* * * LOW HITPOINT WARNING * * *
Found a murky cyan potion.
You aren't carrying any potions.
Unknown command.
The killer bee zombie hits you but does no damage.
The killer bee zombie barely misses you.
You see here a murky cyan potion {!q}.
What do you say? t - Shout!
Orders for allies: a - Attack new target. r - Retreat! s - Stop attacking. w - Wait here. f - Follow me.
Anything else - Stay silent.
Okay, then.
You aren't carrying any potions.
e - a murky cyan potion {!q} The killer bee zombie hits you.
* * * LOW HITPOINT WARNING * * *
The killer bee zombie hits you.
* * * LOW HITPOINT WARNING * * *
Drink which item? (? for menu, Esc to quit)
Really quaff
e - a murky cyan potion {!q}?
It was a potion of flight {!q}.
You feel very buoyant.
You fly up into the air.
You block the killer bee zombie's attack.
The killer bee zombie hits you.
* * * LOW HITPOINT WARNING * * *
You block the killer bee zombie's attack.
The orc shouts!
The killer bee zombie hits you.
You die...

# ..... ###. .....
### ##..( .....#
######.###.... ..#...
##so..aso##.#.# ....#
#a.#####.((..?# #...
#.## #...(....
#..###a# #.o.o(##.
#.@Z..# #o#a.###a
#....## .os...#...
#......# #o..#....(.
#...##...#.......##..
.....
###....>.......#
...... o.......###..
....... ....... ###
.....#. ... ## ....


You could see a worker ant, an orc and a killer bee zombie.

Vanquished Creatures
  An adder (D:3)
  An adder skeleton (D:4)
  An orc (D:3)
  2 giant cockroaches (D:3)
  2 hobgoblins (D:3)
  A kobold (D:3)
  A rat (D:3)
9 creatures vanquished.

Notes
Turn   | Place    | Note
--------------------------------------------------------------
     0 | D:1      | Amnesiac the Deep Elf Fighter began the quest for the Orb.
     0 | D:1      | Reached XP level 1. HP: 13/13 MP: 3/3
    52 | D:3      | Reached skill level 1 in Dodging
   209 | D:3      | Reached XP level 2. HP: 16/18 MP: 4/4
   265 | D:4      | Found a glowing silver altar of Zin.
   266 | D:4      | Found a basalt altar of Yredelemnul.
   452 | D:4      | Noticed Blork the orc
   467 | D:4      | Slain by a killer bee zombie

Skill      XL: |  1 |
---------------+----+-----
Dodging        | 2 |  2.4
Fighting       | |  2.5
Short Blades   | |  2.0
Armour         | |  2.6
Shields        | |  2.4

Action                   || total
-------------------------++-------
Melee: Rapier            ||    34
  Use: Potion            ||     2
Armor: Scale mail        ||    18
Dodge: Dodged            ||    13
Block: Shield            ||    19
